 Dungeon Crawl Stone Soup version 0.18-a0-1507-g69458e0 (webtiles) character file.

96 Goblin1989 the Cudgeler (level 4, -2/28 HPs)
             Began as a Gargoyle Fighter on Mar 5, 2016.
             Slain by a gnoll
             ... wielding a +0 halberd
              (3 damage)
             ... on level 3 of the Dungeon.
             The game lasted 00:03:33 (1325 turns).

Goblin1989 the Cudgeler (Gargoyle Fighter)          Turns: 1325, Time: 00:03:33

Health: -2/28      AC: 12    Str: 21    XL:     4   Next: 67%
Magic:  4/4        EV:  5    Int:  8    God:
Gold:   123        SH:  9    Dex:  9    Spells: 0 memorised, 3 levels left

rFire  . . .     SeeInvis .     a - +0 flail
rCold  . . .     Gourm    .     n - +0 chain mail
rNeg   + . .     Faith    .     c - +0 shield
rPois  ∞         Spirit   .     (no helmet)
rElec  +         Dismiss  .     (no cloak)
rCorr  .         Reflect  .     (no gloves)
SustAt .         Harm     .     (no boots)
MR     .....                    (no amulet)
Stlth  ..........               (no ring)
                                (no ring)

@: not resistant to hostile enchantments, extremely unstealthy
A: negative energy resistance 1, electricity resistance, unbreathing,
petrification resistance, rot immunity, AC +3
a: no special abilities


You were on level 3 of the Dungeon.
You were not hungry.

You visited 1 branch of the dungeon, and saw 3 of its levels.

You collected 123 gold pieces.

Inventory:

Hand Weapons
 a - a +0 flail (weapon)
Armour
 c - a +0 shield (worn)
 n - a +0 chain mail (worn)
Jewellery
 q - a cursed +1 ring of protection {unknown}
Scrolls
 g - 2 scrolls of enchant weapon {unknown}
 i - 4 scrolls of remove curse {unknown}
 j - a scroll of immolation {unknown}
 l - a scroll of enchant armour {unknown}
 p - a scroll of blinking {unknown}
 s - a scroll of identify {unknown}
Potions
 b - 2 potions of berserk rage {unknown}
 d - a potion of might
 e - a potion of invisibility {unknown}
 k - 2 potions of magic {unknown}
 m - 2 potions of curing {unknown}
 o - a potion of degeneration {unknown}
Comestibles
 f - 6 bread rations
 h - 3 beef jerkies
 r - a chunk of flesh


   Skills:
 - Level 3.3 Fighting
 * Level 4.4 Maces & Flails
 - Level 3.3 Armour
 - Level 0.1 Dodging
 - Level 3.5 Shields


You had 3 spell levels left.
You didn't know any spells.

Dungeon Overview and Level Annotations

Branches:
Dungeon (3/15)

Altars:


Innate Abilities, Weirdness & Mutations

You are resistant to torment.
Your stone body is resilient (AC +3).
You are immune to poison.
You resist negative energy.
You are resistant to electric shocks.
You can survive without breathing.
You are immune to petrification.
You are immune to rotting.


Message History

The gnoll hits you with a halberd.
* * * LOW HITPOINT WARNING * * *
You sock the gnoll!
The gnoll is severely wounded.
The gnoll barely misses you. You block the gnoll's attack.
You hit the gnoll.
You kill the gnoll!
The gnoll closely misses you. The gnoll barely misses you.
Things that are here:
a halberd; a gnoll corpse You closely miss the gnoll.
The gnoll hits you from afar with a halberd.
* * * LOW HITPOINT WARNING * * *
The gnoll hits you but does no damage.
You thump the gnoll!
The gnoll is almost dead.
You block the gnoll's attack.
The gnoll hits you from afar with a halberd.
You die...

## .......... .#
###.###... <#
#.##..#. .#
#####.##..#. ..
###.....g.....
#..
###...###.##..##
#. .#### #...###
#.##..# .#
......#####g###
#.##..# # ##
#?.[...@gr#
#.##..# ##...
.......######
#r##... ....#
#..###. #......#
..### # #.
#....... #.# ##
..# ..# ..##
...##


You could see 2 gnolls and a rat.

Vanquished Creatures
  A gnoll (D:3)
  2 adders (D:2)
  An ooze (D:2)
  A worm (D:3)
  2 dart slugs
  2 giant geckos
  2 ball pythons
  4 giant cockroaches
  9 goblins
  3 hobgoblins
  A quokka (D:2)
  9 bats
  2 giant newts
  13 kobolds
  4 rats
56 creatures vanquished.

Notes
Turn   | Place    | Note
--------------------------------------------------------------
     0 | D:1      | Goblin1989 the Gargoyle Fighter began the quest for the Orb.
     0 | D:1      | Reached XP level 1. HP: 14/14 MP: 1/1
    94 | D:1      | Reached XP level 2. HP: 12/19 MP: 2/2
   329 | D:1      | Reached skill level 3 in Maces & Flails
   345 | D:1      | Reached XP level 3. HP: 21/23 MP: 3/3
   938 | D:2      | Reached XP level 4. HP: 28/28 MP: 4/4
   980 | D:2      | Reached skill level 4 in Maces & Flails
  1324 | D:3      | HP: 1/28 [gnoll/halberd (6)]
  1325 | D:3      | Slain by a gnoll

Vault maps used:
D:1:      minmay_arrival_checkered_box, serial_bayou_pond_b, st_stairs_6
D:2:      kennysheep_generic_room_9
D:3:      first_bread, johnstein_pakellas_death_squad

Skill      XL: |  1  2  3  4 |
---------------+-------------+-----
Maces & Flails | 3 4 |  4.4
Fighting       | |  3.3
Armour         | |  3.3
Dodging        | |  0.1
Shields        | |  3.5

Action                   |  1- 3 |  4- 6 || total
-------------------------+-------+-------++-------
Melee: Flail             |   167 |    65 ||   232
  Eat: Chunk             |       |     2 ||     2
